 Dungeon Crawl Stone Soup version 0.23.0 (webtiles) character file.

Game seed: 8819585881735166807

98 Monsterracer the Poker (level 4, 0/37 HPs)
             Began as a Merfolk Chaos Knight on Feb 10, 2019.
             Was a Plaything of Xom.
             Killed from afar by Natasha (4 damage)
             ... with a magic dart
             ... on level 2 of the Dungeon.
             The game lasted 00:02:15 (2259 turns).

Monsterracer the Poker (Merfolk Chaos Knight)       Turns: 2259, Time: 00:02:16

Health: 0/37       AC:  6    Str: 12    XL:     4   Next: 71%
Magic:  4/4        EV: 13    Int: 16    God:    Xom [.*....]
Gold:   92         SH:  0    Dex: 14    Spells: 3/3 levels left

rFire    . . .     SeeInvis .   a - +0 spear (chaos)
rCold    . . .     Gourm    .   (no shield)
rNeg     . . .     Faith    .   b - +2 leather armour
rPois    .         Spirit   .   (no helmet)
rElec    .         Reflect  .   m - +0 cloak
rCorr    .         Harm     .   (no gloves)
MR       .....                  (no boots)
Stlth    +.........             (no amulet)
HPRegen  0.12/turn              g - +5 ring of intelligence
MPRegen  0.09/turn              (no ring)

@: slowed, lightly drained, very slow
A: change form in water, swift swim, stealthy swim
a: Renounce Religion


You were on level 2 of the Dungeon.
You worshipped Xom.
You were a plaything of Xom.
You were very hungry.

You visited 1 branch of the dungeon, and saw 2 of its levels.

You collected 92 gold pieces.

Inventory:

Hand Weapons
 a - a +0 spear of chaos (weapon)
Missiles
 f - 2 throwing nets (quivered) {!f}
Armour
 b - a +2 leather armour (worn)
 m - a +0 cloak (worn)
Jewellery
 g - a +5 ring of intelligence (left hand)
Scrolls
 i - 2 scrolls of fog {unknown}
 k - a scroll of remove curse {unknown}
 l - 2 scrolls of random uselessness {unknown}
 n - a scroll of identify {unknown}
 o - a scroll of enchant armour {unknown}
Potions
 d - 4 potions of curing {unknown}
 e - a potion of cancellation {unknown}
 h - a potion of degeneration {unknown}
 j - 2 potions of flight {unknown}
 p - a potion of lignification {unknown}
Comestibles
 c - 3 rations


   Skills:
 + Level 4.0(3.7) Fighting
 * Level 6.3(6.0) Polearms
 - Level 0.6(0.3) Armour
 + Level 3.9(3.6) Dodging


You had 3 spell levels left.
You didn't know any spells.
Your spell library was empty.

Dungeon Overview and Level Annotations

Branches:
Dungeon (2/15)

Altars:
Cheibriados
Hepliaklqana

Annotations:
D:2 Natasha


Message History

No target in view!
There is a stone staircase leading up here.
Key pressed, stopping explore.
No target in view!
All of the chunks of flesh in your inventory have rotted away.
Key pressed, stopping explore.
No target in view!
A kobold comes into view.
It is wielding a +2 short sword of draining.
The kobold shouts!
A kobold is nearby!
A kobold is nearby!
You closely miss the kobold. The kobold closely misses you.
You hit the kobold but do no damage. The kobold barely misses you.
A kobold is nearby!
You closely miss the kobold.
The kobold hits you with a +2 short sword of draining.
You feel drained.
You take 2 damage, and have 35/37 hp.
You hit the kobold but do no damage.
The kobold is poisoned.
A kobold is nearby!
You hit the kobold but do no damage.
The kobold looks as sick as possible!
The kobold is severely wounded.
You kill the kobold!
You are feeling hungry.
Things that are here:
a +2 short sword of draining; a kobold corpse; Health restored: 37 No target in view!
Found a stone staircase leading up.
There is a stone staircase leading up here.
Found a stone staircase leading down.
No target in view!
There is a stone staircase leading down here.
d - 4 smoky golden potions (gained 1)
There is a stone staircase leading down here.
Natasha, Servant of Life and Death comes into view.
She is carrying a wand of flame (13).
Natasha hisses angrily.
Natasha casts a spell at you. The magic dart hits you.
You see here a robe.
You are now a favourite toy of Xom.
You are now a plaything of Xom.
You take 4 damage, and have 33/37 hp.
Natasha is nearby!
Natasha casts a spell at you. You resist with some effort.
Natasha zaps a wand.
The puff of flame hits you.
You take 1 damage, and have 32/37 hp.
Attack whom?
Press: ? - help, Dir - move target cursor, f - Natasha
Aim: Natasha, carrying a wand of flame (12)
You reach to attack!
You barely miss Natasha.
Natasha zaps a wand.
The puff of flame hits you!
You take 9 damage, and have 23/37 hp.
MASSIVE DAMAGE!!
You are too injured to fight recklessly!
You are too injured to fight recklessly!
Natasha misses you.
You hit Natasha.
Natasha is lightly wounded.
Natasha disappears!
Key pressed, stopping explore.
You are feeling very hungry.
Health restored: 37 Natasha is too close now for your liking.
Natasha is nearby!
Natasha hisses angrily.
Natasha stares at you and mumbles some strange words.
You feel yourself slow down.
Attack whom?
Press: ? - help, Dir - move target cursor, f/p - Natasha
Aim: Natasha, carrying a wand of flame (11)
You reach to attack!
You hit Natasha but do no damage.
Natasha stares at you and mumbles some strange words.
The magic dart hits you!
You take 7 damage, and have 30/37 hp.
You hit Natasha but do no damage.
Natasha blinks!
Natasha casts a spell.
Natasha stares at you and mumbles some strange words.
You resist with some effort. Natasha closely misses you.
You closely miss Natasha. Natasha claws you.
The crimson imp closely misses you. Natasha claws you!
You take 10 damage, and have 20/37 hp.
MASSIVE DAMAGE!!
You hit Natasha. You burn Natasha.
Natasha is moderately wounded.
The crimson imp hits you.
Natasha zaps a wand.
The puff of flame hits you.
* * * LOW HITPOINT WARNING * * *
You take 5 damage, and have 15/37 hp.
Unknown command.
You hit Natasha.
Natasha is heavily wounded.
The crimson imp blinks!
Natasha claws you.
* * * LOW HITPOINT WARNING * * *
You take 3 damage, and have 12/37 hp.
Unknown command.
Natasha zaps a wand.
The puff of flame hits you!
* * * LOW HITPOINT WARNING * * *
The crimson imp closely misses you.
Natasha stares at you and mumbles some strange words.
The magic dart hits you.
You die...
Xom thinks this is hilarious!

#.# #.#..#####.###..##### #.#
#.#.................. #.#
#.##.#####.########## #### #.#
#....# #.# ...#####.####..####
#.# (..(..##.##.[.....####.#
##(##.##.##............#
.........##.....5.####.#
#..............h@...##.##
.###..#####....ยง..#.##..# .#
#..# #.......#.###.# .###..#
#.......#.###.##### #...#.#
####.##........[..# ...##.#
#.##.####.####.##### #..##.#
##.##.##.....##.##... ......#
#..##.#.......#.##.##
...##########.#...#.......#....#


You could see Natasha and a crimson imp.

Vanquished Creatures
  Jessica (D:2)
  Natasha (twice) (D:2)
  A giant cockroach (D:2)
  3 hobgoblins (D:1)
  5 kobolds
  A ball python (D:2)
  3 bats
  7 goblins
  4 rats
27 creatures vanquished.

Notes
Turn   | Place    | Note
-------+----------+-------------------------------------------
     0 | D:1      | Monsterracer the Merfolk Chaos Knight began the quest for
                  | the Orb.
     0 | D:1      | Reached XP level 1. HP: 18/18 MP: 1/1
   157 | D:1      | XOM: harmless Summ miscast
   275 | D:1      | XOM: cast spell 'Call Canine Familiar'
   346 | D:1      | XOM: harmless Erth miscast
   362 | D:1      | XOM: harmless Hex miscast
   401 | D:1      | Reached XP level 2. HP: 17/24 MP: 2/2
   435 | D:1      | XOM: mild Pois miscast
   626 | D:1      | XOM: harmless Tmut miscast
   837 | D:1      | XOM: medium Conj miscast
   837 | D:1      | HP: 2/24 [something (22)]
  1140 | D:1      | XOM: cast spell 'Cause Fear'
  1361 | D:2      | Found a snail-covered altar of Cheibriados.
  1424 | D:2      | Noticed Natasha
  1426 | D:2      | XOM: divination: detect creatures
  1428 | D:2      | Reached skill level 5 in Polearms
  1430 | D:2      | Killed Natasha
  1430 | D:2      | Reached XP level 3. HP: 30/30 MP: 3/3
  1477 | D:2      | Found a hazy altar of Hepliaklqana.
  1744 | D:2      | Noticed Natasha
  1748 | D:2      | XOM: cast spell 'Dispersal'
  1751 | D:2      | Killed Natasha
  1751 | D:2      | Reached skill level 6 in Polearms
  1751 | D:2      | Reached XP level 4. HP: 35/37 MP: 4/4
  1834 | D:2      | Noticed Jessica
  1836 | D:2      | XOM: harmless Chrm miscast
  1841 | D:2      | Killed Jessica
  2117 | D:2      | Noticed Natasha
  2257 | D:2      | HP: 15/37 [Natasha/wand of flame (11) (5)]
  2259 | D:2      | HP: 4/37 [Natasha/wand of flame (10) (8)]
  2259 | D:2      | Killed from afar by Natasha

Skill      XL: |  1  2  3  4 |
---------------+-------------+-----
Dodging        | 3 |  3.9
Polearms       | 5 6 |  6.3
Fighting       | 4 |  4.0
Armour         | |  0.6

Action                   |  1- 3 |  4- 6 || total
-------------------------+-------+-------++-------
Melee: Spear             |    67 |    22 ||    89
 Stab: Sleeping          |     1 |       ||     1
  Eat: Chunk             |     2 |     1 ||     3
Armor: Leather armour    |    10 |     2 ||    12
Dodge: Dodged            |    25 |    11 ||    36

Levels and vault maps discovered:
D:1:      saegor_arrival_simple_e, layout_basic, minmay_fountain_box
D:2:      layout_loops_ring, old_standard_altar, cheibriados_altar_1,
          uniq_natasha, uniq_jessica
